 Dungeon Crawl Stone Soup version 0.30.1-9-gdf580d7c3d (webtiles) character file.

Game seed: 4977728606919658544

4703 Cheops the Basher (level 10, -1/81 HPs)
             Began as an Ogre Ice Elementalist on Oct 25, 2023.
             Was an Initiate of Qazlal.
             Slain by a kobold brigand
             ... wielding a +0 war axe
              (12 damage)
             ... in a bailey.
             The game lasted 00:41:05 (10923 turns).

Cheops the Basher (Ogre Ice Elementalist)          Turns: 10923, Time: 00:41:05

Health: -1/81      AC:  6    Str: 14    XL:     10   Next: 45%
Magic:  12/16      EV: 15    Int: 20    God:    Qazlal [......]
Gold:   733        SH:  0    Dex: 13    Spells: 6/17 levels left

rFire   . . .        a - +2 morningstar of Tuudghuika {drain, rPois Dex+4}
rCold   . . .        m - orb {*channel}
rNeg    . . .        r - +0 robe
rPois   +            (helmet restricted)
rElec   .            B - +2 cloak
rCorr   .            (gloves unavailable)
SInv    .            (boots unavailable)
Will    +....        (no amulet)
Stlth   ++           d - ring of poison resistance
HPRegen 0.33/turn    x - +5 ring of evasion
MPRegen 0.15/turn

%: channel magic (20%)
@: mighty, freezing walls, very slightly contaminated
A: large, unfitting armour, tough skin 1
a: Renounce Religion


You were in a bailey.
You worshipped Qazlal.
Qazlal was noncommittal.
You visited 2 branches of the dungeon, and saw 9 of its levels.
You also visited: Sewer, Ossuary and Bailey.

You collected 837 gold pieces.
You spent 104 gold pieces at shops.

Inventory:

Hand Weapons
 a - the +2 morningstar of Tuudghuika (weapon) {drain, rPois Dex+4}
   (You took it off a gnoll on level 5 of the Dungeon)

   Dex:       It affects your dexterity (+4).
   rPois:     It protects you from poison.
 b - a +2 whip of flaming
 c - a +0 mace of protection
 f - a +0 giant club
 v - a +0 flail
 N - a +0 antimagic hand axe
 R - a +0 club
Missiles
 A - 17 boomerangs
Armour
 m - an orb of energy (worn)
 n - a +0 kite shield
 r - a +0 robe (worn)
 B - a +2 cloak (worn)
Jewellery
 d - a ring of poison resistance (left hand)
 s - a ring of resist corrosion
 x - a +5 ring of evasion (right hand)
 H - a ring of flight
 L - an amulet of guardian spirit
Wands
 i - a wand of flame (21)
 o - a wand of roots (4)
 I - a wand of digging (5)
 M - a wand of acid (2)
Scrolls
 g - 2 scrolls of teleportation
 h - 4 scrolls of fear
 k - 3 scrolls of enchant armour
 l - a scroll of torment
 q - 2 scrolls of poison
 y - 2 scrolls of vulnerability
 z - a scroll of silence
 F - a scroll of blinking
 G - a scroll of brand weapon
 J - a scroll of fog
Potions
 e - 5 potions of flight
 j - 2 potions of haste
 t - a potion of degeneration {unknown}
 u - a potion of lignification {unknown}
 w - 3 potions of might
 C - 2 potions of resistance {unknown}
 E - a potion of mutation {unknown}
 K - 2 potions of magic
 O - a potion of curing {unknown}
 P - a potion of brilliance {unknown}
 Q - a potion of attraction {unknown}


   Skills:
 + Level 9.5 Maces & Flails
 - Level 1.7 Dodging
 - Level 1.4 Stealth
 - Level 4.0 Spellcasting
 - Level 5.0 Summonings
 - Level 8.0 Ice Magic
 - Level 3.3 Evocations


You had 6 spell levels left.
You knew the following spells:

 Your Spells              Type           Power      Damage    Failure   Level
a - Freeze                Ice            100%       1d10      3%          1
r - Frozen Ramparts       Ice            72%        1d11      6%          3
A - Ozocubu's Armour      Ice            36%        N/A       6%          3
I - Summon Ice Beast      Ice/Summ       30%        N/A       22%         4

Your spell library contained the following spells:

 Spells                   Type           Power      Damage    Failure   Level
 Sandblast                Erth           8%         2d5       30%         1
 Shock                    Conj/Air       16%        1d4       30%         1
 Sting                    Tmut/Pois      16%        1d3       30%         1
 Lesser Beckoning         Tloc           8%         N/A       38%         2
 Passwall                 Tmut/Erth      3%         N/A       38%         2
 Poisonous Vapours        Pois/Air       8%         N/A       38%         2
 Gell's Gravitas          Tloc           4%         N/A       58%         3
 Stone Arrow              Conj/Erth      8%         3d7       58%         3
 Swiftness                Air            4%         N/A       58%         3
 Teleport Other           Tloc           4%         N/A       58%         3
 Airstrike                Air            2%         2d(1-17)  90%         4
 Animate Dead             Necr           4%         N/A       90%         4
 Olgreb's Toxic Radiance  Pois           4%         N/A       90%         4
 Haunt                    Necr/Summ      7%         N/A       100%        7
 Infestation              Necr           2%         N/A       100%        8


Dungeon Overview and Level Annotations

Branches:
Dungeon (8/15)             Temple (1/1) D:6            Lair (0/5) D:8
  Sewer (visited)         Ossuary (visited)          Bailey (1/1)

Altars:
Ashenzari
Cheibriados
Dithmenos
Elyvilon
Fedhas
Gozag
Hepliaklqana
Kikubaaqudgha
Makhleb
Nemelex Xobeh
Okawaru
Qazlal
Sif Muna
Uskayaw
Xom
Yredelemnul
Zin

Shops:
D:3 *   D:4 =

Annotations:
D:4 2 transporters, aldskfj's ghost, amateur DsBe
D:6 3 runed translucent doors, middlethird's ghost, novice VSEE


Innate Abilities, Weirdness & Mutations

You are too large for most types of armour.
You have tough skin. (AC +1)


Message History

The wall freezes the kobold brigand. x2
The kobold brigand hits you with a +0 war axe.
* * * LOW HITPOINT WARNING * * *
Casting: Frozen Ramparts (dangerous; 6% risk of failure)
Confirm with . or Enter, or press ? or * to list all spells.
You miscast Ozocubu's Armour.
You are very lightly contaminated with residual magic.
Nothing appears to happen.
Magical energy flows into your mind!
The wall freezes the kobold brigand.
It was a potion of might.
You feel very mighty all of a sudden.
The wall freezes the kobold brigand!
The wall freezes the orc warrior.
You barely miss the kobold brigand.
The kobold brigand is moderately wounded.
The wall freezes the kobold brigand.
The kobold brigand hits you but does no damage.
The wall freezes the kobold brigand.
The wall freezes the orc warrior.
You closely miss the kobold brigand.
The kobold brigand is almost dead.
The wall freezes the kobold brigand.
The kobold brigand hits you with a +0 war axe!
* * * LOW HITPOINT WARNING * * *
The wall freezes the kobold brigand!
You kill the kobold brigand!
Qazlal accepts your kill.
The wall freezes the orc warrior!
You sock the orc warrior!
You kill the orc warrior!
Qazlal accepts your kill.
The wall freezes the kobold brigand but does no damage.
The kobold brigand hits you with a +0 war axe!
* * * LOW HITPOINT WARNING * * *
The wall freezes the kobold brigand.
The kobold brigand hits you with a +0 war axe.
* * * LOW HITPOINT WARNING * * *
You closely miss the kobold brigand.
The kobold brigand is heavily wounded.
The wall freezes the kobold brigand.
The kobold brigand hits you with a +0 war axe!
You die...

#~~.......~~#####
#~.......~##
####.o.#### #.††#
#...# #...#
##'''## ##..∩÷K##
#.....)@#
#...∩...#
##.....## #######


You could see a kobold brigand.

Vanquished Creatures
  An orc knight (Bailey)
  A gargoyle (D:7)
  Menkaure (D:4)
  An acid dragon (D:6)
  2 water moccasins (D:7)
  Duvessa (D:6)
  2 ice beasts
  A sky beast (D:7)
  3 black bears
  2 orc warriors (Bailey)
  4 ogres
  A phantom (D:6)
  Blork the orc (D:4)
  5 kobold brigands
  2 bullfrogs
  7 scorpions
  Dowan (D:6)
  4 killer bees (D:7)
  2 jellies
  An orc priest (D:8)
  A gnoll bouda (D:7)
  4 hounds
  2 scorpion zombies (Ossuary)
  Natasha (thrice) (D:2)
  3 iguanas
  A sleepcap (D:5)
  7 orc wizards
  A mummy (D:4)
  Robin (D:4)
  12 adders
  11 gnolls
  7 river rats
  A white imp (D:7)
  An ufetubus (D:7)
  8 worms
  2 dart slugs
  29 orcs
  6 bats
  9 endoplasms
  21 goblins
  8 hobgoblins
  8 jackals
  4 quokkas
  5 ball pythons
  A frilled lizard (D:3)
  A gnoll zombie (Ossuary)
  2 goblin zombies
  2 hobgoblin zombies
  22 kobolds
  2 kobold zombies (D:4)
  2 orc zombies
  6 rats
  A rat zombie (D:4)
237 creatures vanquished.

Notes
Turn   | Place    | Note
-------+----------+-------------------------------------------
     0 | D:1      | Cheops the Ogre Ice Elementalist began the quest for the
                  | Orb.
     0 | D:1      | Reached XP level 1. HP: 16/16 MP: 3/3
   136 | D:1      | Reached XP level 2. HP: 20/24 MP: 0/6
   509 | D:1      | Reached XP level 3. HP: 27/31 MP: 2/7
   523 | D:1      | Learned a level 3 spell: Frozen Ramparts
   527 | D:1      | Learned a level 3 spell: Ozocubu's Armour
   879 | D:2      | Noticed Natasha
   885 | D:2      | Killed Natasha
   886 | D:2      | Reached XP level 4. HP: 28/39 MP: 4/8
  1244 | D:2      | Noticed Natasha
  1252 | D:2      | Killed Natasha
  1253 | D:2      | Reached skill level 5 in Ice Magic
  1253 | D:2      | Reached skill level 1 in Maces & Flails
  1486 | D:2      | Found a faded altar of an unknown god.
  2016 | D:2      | Noticed Natasha
  2021 | D:2      | Killed Natasha
  2022 | D:2      | Reached XP level 5. HP: 39/45 MP: 6/9
  2656 | D:3      | Found Sopnynen's General Store.
  2665 | D:3      | Bought a scroll of fear for 52 gold pieces
  2665 | D:3      | Bought a scroll of poison for 52 gold pieces
  2879 | D:4      | Found a transporter.
  2901 | D:4      | Found a transporter.
  2903 | D:4      | Noticed aldskfj's ghost (amateur DsBe)
  2918 | D:4      | Reached skill level 2 in Maces & Flails
  2927 | D:4      | Found a sand-covered staircase.
  2958 | Ossuary  | Entered an ossuary
  3179 | Ossuary  | Reached skill level 3 in Maces & Flails
  3179 | Ossuary  | Reached XP level 6. HP: 37/53 MP: 3/10
  3486 | D:4      | Reached skill level 4 in Maces & Flails
  3584 | D:4      | Noticed Blork the orc
  3596 | D:4      | Killed Blork the orc
  3597 | D:4      | Reached XP level 7. HP: 24/59 MP: 6/11
  3840 | D:4      | Noticed Menkaure
  3865 | D:5      | Entered Level 5 of the Dungeon
  3873 | D:5      | Reached skill level 5 in Maces & Flails
  4034 | D:5      | Identified the +2 morningstar of Tuudghuika {drain, rPois
                  | Dex+4}
  4209 | D:5      | Found a hide-covered altar of Uskayaw.
  4283 | D:4      | Reached skill level 6 in Maces & Flails
  4511 | D:4      | Found a burning altar of Makhleb.
  4547 | D:4      | Killed Menkaure
  4548 | D:4      | Reached XP level 8. HP: 27/67 MP: 12/12
  4692 | D:4      | Noticed Robin
  4706 | D:4      | Killed Robin
  4836 | D:4      | Found Jemif's Jewellery Shoppe.
  5126 | D:4      | Reached skill level 7 in Maces & Flails
  5156 | D:4      | Learned a level 4 spell: Summon Ice Beast
  5199 | D:5      | Found a broken altar of Ashenzari.
  5336 | D:5      | Found an ancient bone altar of Kikubaaqudgha.
  6104 | D:6      | Found a runed translucent gate.
  6145 | D:6      | Found a glowing drain.
  6180 | Sewer    | Entered a sewer
  6187 | Sewer    | Reached XP level 9. HP: 73/74 MP: 9/13
  6911 | D:6      | Found a staircase to the Ecumenical Temple.
  7177 | D:6      | Reached skill level 5 in Summonings
  7393 | D:6      | Noticed Duvessa
  7393 | D:6      | Noticed Dowan
  7402 | D:6      | Killed Duvessa
  7403 | D:6      | Killed Dowan
  7653 | D:6      | Found a runed translucent gate.
  7653 | D:6      | Found a runed translucent gate.
  8080 | D:6      | Noticed middlethird's ghost (novice VSEE)
  8126 | Temple   | Entered the Ecumenical Temple
  8228 | Temple   | Became a worshipper of Qazlal Stormbringer
  8644 | D:7      | Reached skill level 8 in Maces & Flails
  8785 | D:7      | Noticed a gargoyle
  8810 | D:7      | HP: 1/74 [gargoyle/+0 mace of protection (10)]
  9401 | D:7      | Reached skill level 1 in Evocations
  9401 | D:7      | Reached XP level 10. HP: 71/81 MP: 13/16
  9841 | D:7      | Killed a gargoyle
 10672 | D:8      | Found a flagged portal.
 10686 | Bailey   | Entered a bailey
 10818 | Bailey   | Noticed an orc knight
 10836 | Bailey   | Killed an orc knight
 10837 | Bailey   | Reached skill level 9 in Maces & Flails
 10840 | Bailey   | Identified the +1 scale mail "Yxte Ukkig" {*Corrode +Blink
                  | Str+3}
 10923 | Bailey   | Slain by a kobold brigand

Illustrated notes

Levels and vault maps discovered:
D:1:      minmay_arrival_three_doors, layout_rooms
D:2:      layout_basic, ebering_ecumenical_altar_rust, uniq_natasha
D:3:      layout_basic, serial_shops, shop, nrook_mini_backslash
D:4:      layout_cave_pools, mainiacjoe_overflow_boulevard, enter_ossuary_4,
          gammafunk_ghost_mausoleum, nicolae_wooded_promenade,
          grunt_decor_fettered, minmay_mini_ossuary, uniq_blork_the_orc,
          uniq_menkaure, uniq_robin
D:5:      layout_rooms, kiku_gazebo_garden_becter,
          nicolae_overflow_crystal_walls, eat_drink_and_be_merry_uskayaw,
          serial_glass, glass_columns_b, glass_columns_a, glass_columns_b,
          glass_columns_a, glass_columns_a, glass_columns_c,
          due_unseen_surprise, minmay_strange_pillars, nicolae_underground_beach
D:6:      layout_gridville, minmay_temple_entry_antechambers,
          lightli_sewer_entry_pipes, gammafunk_ghost_necromancy, uniq_duvessa
D:7:      layout_basic, minmay_microvault
D:8:      layout_rooms, erik_lair_orcish_takeover, enter_bailey_3
Temple:   dshaligram_water_room_temple
Bailey:   bailey_axe_3, bailey

Skill      XL: |  1  2  3  4  5  6  7  8  9 10 |
---------------+-------------------------------+-----
Spellcasting   | 3 4 |  4.0
Ice Magic      | 4 5 7 8 |  8.0
Maces & Flails | 1 3 4 6 7 8 9 |  9.5
Summonings     | 3 5 |  5.0
Evocations     | 1 3 |  3.3
Dodging        | |  1.7
Stealth        | |  1.4

Action                     |  1- 3 |  4- 6 |  7- 9 | 10-12 || total
---------------------------+-------+-------+-------+-------++-------
  Melee: Club              |    33 |   129 |       |       ||   162
         Unarmed           |     1 |       |       |       ||     1
         Morningstar       |       |       |   164 |    45 ||   209
         Flail             |       |       |     7 |       ||     7
         Whip              |       |       |       |    12 ||    12
   Cast: Freeze            |    37 |    60 |   154 |     8 ||   259
         Frozen Ramparts   |       |     4 |    28 |     7 ||    39
         Ozocubu's Armour  |       |     2 |     5 |     2 ||     9
         Summon Ice Beast  |       |       |     1 |     1 ||     2
  Evoke: Wand              |       |       |     6 |     4 ||    10
    Use: Scroll            |       |     6 |     6 |     4 ||    16
         Potion            |       |     1 |     1 |     2 ||     4
   Stab: Sleeping          |       |     2 |     1 |       ||     3
 Armour: Robe              |    23 |    49 |    80 |    22 ||   174
  Dodge: Dodged            |    42 |    73 |   276 |    57 ||   448
